 Dungeon Crawl Stone Soup version 0.24.1-8-ga250c9d538 (webtiles) character file.

Game seed: 2635526260541897112, levelgen mode: deterministic

62115 Peloso the Blocker (level 15, -48/119 HPs)
             Began as a Gnoll Fighter on May 4, 2020.
             Was a High Priest of Okawaru.
             Annihilated by an enormous slime creature (71 damage)
             ... on level 13 of the Dungeon on May 5, 2020.
             The game lasted 01:17:12 (24205 turns).

Peloso the Blocker (Gnoll Fighter)                 Turns: 24205, Time: 01:17:12

Health: -48/119    AC: 26    Str: 24    XL:     15   Next: 5%
Magic:  28/28      EV:  9    Int: 17    God:    Okawaru [*****.]
Gold:   1165       SH: 14    Dex: 20    Spells: 33/33 levels left

rFire    + . .     SeeInvis +   a - +8 autumn katana {slice, Clar}
rCold    + . .     Gourm    .   c - +1 shield
rNeg     . . .     Faith    +   h - +1 gold dragon scales of Payc Maucw {rPois rF+ rC+ Int+6 Dex+2 Stlth+}
rPois    +         Spirit   .   q - +2 hat of Repulsion {Regen+ rCorr}
rElec    .         Reflect  .   (no cloak)
rCorr    +         Harm     .   j - +0 pair of gloves
MR       +....     Clarity  +   K - +2 pair of boots {run}
Stlth    ..........             x - amulet of faith
HPRegen  0.69/turn              i - +3 ring of dexterity
MPRegen  0.21/turn              r - ring of see invisible

@: quick
A: distributed training, fangs 1, deterioration 1, strong nose
a: Heroism, Finesse, Renounce Religion


You were on level 13 of the Dungeon.
You worshipped Okawaru.
Okawaru was extremely pleased with you.
You were not hungry.

You visited 3 branches of the dungeon, and saw 21 of its levels.
You also visited: Bailey, Gauntlet and Volcano.

You collected 2340 gold pieces.
You spent 1175 gold pieces at shops.

Inventory:

Hand Weapons
 a - the +8 autumn katana (weapon) {slice, Clar}
   (You bought it in a shop on level 2 of the Orcish Mines)

   It inflicts extra damage upon your enemies.
   It protects you against confusion.
 b - a +4 scimitar of flaming
 w - a +1 hand crossbow of freezing
Armour
 c - a +1 shield (worn)
 h - the +1 gold dragon scales of Payc Maucw (worn) {rPois rF+ rC+ Int+6 Dex+2 Stlth+}
   (Okawaru gifted it to you on level 11 of the Dungeon)

   It affects your intelligence (+6).
   It affects your dexterity (+2).
   It protects you from fire.
   It protects you from cold.
   It protects you from poison.
   It makes you more stealthy.
 j - a +0 pair of gloves (worn)
 q - the +2 hat of Repulsion (worn) {Regen+ rCorr}
   (You found it in a Gauntlet)

   It increases your rate of regeneration.
   It provides partial protection from all sources of acid and corrosion.
 y - the +0 helmet "Keakiatt" {rElec MR+ Dex-4}
   (You found it in a Gauntlet)

   It affects your dexterity (-4).
   It insulates you from electricity.
   It affects your resistance to hostile enchantments.
 K - a +2 pair of boots of running (worn)
Jewellery
 i - a +3 ring of dexterity (left hand)
 k - an uncursed ring of ice
 r - a ring of see invisible (right hand)
 x - an amulet of faith (around neck)
 M - an uncursed amulet of harm {unknown}
Wands
 s - a wand of digging (13)
 H - a wand of random effects (23)
Scrolls
 e - 7 scrolls of teleportation
 l - a scroll of fog
 n - 2 scrolls of identify
 o - 8 scrolls of remove curse
 u - a scroll of noise
 v - a scroll of fear
 z - a scroll of summoning
 C - 2 scrolls of enchant armour
 D - a scroll of vulnerability
 E - a scroll of random uselessness
 L - 2 scrolls of magic mapping
Potions
 d - 4 potions of might
 g - 3 potions of agility
 m - a potion of brilliance
 p - 2 potions of heal wounds
 t - a potion of haste
 A - 2 potions of curing
 B - a potion of flight
 F - 5 potions of resistance
 G - a potion of cancellation {unknown}
 I - a potion of magic {unknown}
 O - a potion of berserk rage
Comestibles
 f - 37 rations


   Skills:
 + Level 11.4 Fighting
 + Level 9.5 Short Blades
 + Level 10.5 Long Blades
 + Level 9.5 Axes
 + Level 9.5 Maces & Flails
 + Level 9.5 Polearms
 + Level 9.5 Staves
 + Level 9.5 Slings
 + Level 9.5 Bows
 + Level 9.5 Crossbows
 + Level 9.5 Throwing
 + Level 11.4 Armour
 + Level 9.5 Dodging
 + Level 9.5 Stealth
 + Level 11.4 Shields
 + Level 9.5 Unarmed Combat
 + Level 9.5 Spellcasting
 + Level 8.0 Conjurations
 + Level 8.0 Hexes
 + Level 8.0 Charms
 + Level 8.0 Summonings
 + Level 8.0 Necromancy
 + Level 8.0 Translocations
 + Level 8.0 Transmutations
 + Level 8.0 Fire Magic
 + Level 8.0 Ice Magic
 + Level 8.0 Air Magic
 + Level 8.0 Earth Magic
 + Level 8.0 Poison Magic
 + Level 10.4 Invocations
 + Level 9.5 Evocations


You had 33 spell levels left.
You didn't know any spells.
Your spell library contained the following spells:

 Spells                   Type           Power        Failure   Level  Hunger
 Corona                   Hex            #####..      22%         1    None
 Magic Dart               Conj           ####         22%         1    None
 Blink                    Tloc           N/A          34%         2    None
 Call Imp                 Summ           #####...     34%         2    None
 Ensorcelled Hibernation  Hex/Ice        #####.       34%         2    None
 Poisonous Vapours        Pois/Air       #####.       34%         2    None
 Shroud of Golubria       Chrm/Tloc      #####.       34%         2    None
 Slow                     Hex            #####...     34%         2    None
 Confuse                  Hex            #####...     56%         3    None
 Conjure Flame            Conj/Fire      #####...     56%         3    None
 Dazzling Spray           Conj/Hex       #####.       56%         3    None
 Gell's Gravitas          Tloc           #####.....   56%         3    None
 Mephitic Cloud           Conj/Pois/Air  #####...     56%         3    None
 Tukima's Dance           Hex            #####...     56%         3    None
 Airstrike                Air            #####.....   92%         4    ###....
 Petrify                  Tmut/Erth      #####...     92%         4    ###....
 Alistair's Intoxication  Tmut/Pois      #####...     99%         5    #####..
 Lightning Bolt           Conj/Air       #####.....   99%         5    #####..
 Freezing Cloud           Conj/Ice/Air   #####.....   100%        6    ######.
 Poison Arrow             Conj/Pois      #####.....   100%        6    ######.
 Dragon Form              Tmut           #####.....   100%        7    #######
 Malign Gateway           Summ/Tloc      #####.....   100%        7    #######
 Ring of Flames           Chrm/Fire      #####.....   100%        7    #######
 Chain Lightning          Conj/Air       #####.....   100%        8    #######
 Controlled Blink         Tloc           N/A          100%        8    #######
 Disjunction              Tloc           #####.....   100%        8    #######
 Lehudib's Crystal Spear  Conj/Erth      #####.....   100%        8    #######
 Fire Storm               Conj/Fire      #####.....   100%        9    #######
 Glaciate                 Conj/Ice       #####.....   100%        9    #######
 Tornado                  Air            #####.....   100%        9    #######


Dungeon Overview and Level Annotations

Branches:
Dungeon (13/15)            Temple (0/1) D:5            Lair (6/6) D:8
  Swamp (0/4) Lair:4       Spider (0/4) Lair:4        Slime (0/5) Lair:6
    Orc (2/2) D:11            Elf (0/3) Orc:2        Bailey (visited)
Volcano (visited)         Gauntlet (visited)
 Vaults: D:13-14

Altars:
Dithmenos
Elyvilon
Fedhas
Kikubaaqudgha
Makhleb
Okawaru
Qazlal
Ru
Sif Muna
Trog
Uskayaw
Vehumet
Xom
Yredelemnul
Beogh

Shops:
D:4 *   D:6 *   D:8 (   D:12 *   Orc:2 ?((*

Annotations:
Lair:1 exclusion: 2 oklob plants
Lair:2 3 runed translucent doors, releu's ghost, novice CeWr


Innate Abilities, Weirdness & Mutations

Your experience applies equally to all skills.
You have very sharp teeth.
Your uncanny sense of smell can sniff out nearby items.
Your body sometimes deteriorates upon taking damage.


Message History

The enormous slime creature is severely wounded.
You block the slime creature's attack. The enormous slime creature hits you!!!
Ouch! That really hurt!
Your gold dragon scales of Payc Maucw prevents you from hitting the enormous slime creature.
You bite the enormous slime creature.
The enormous slime creature is severely wounded.
You block the slime creature's attack.
You slash the enormous slime creature!
The enormous slime creature is severely wounded.
The enormous slime creature hits you but does no damage.
You slice the enormous slime creature!!
The enormous slime creature is almost dead.
The slime creature hits you but does no damage.
The enormous slime creature hits you!!
* * * LOW HITPOINT WARNING * * *
You hit the enormous slime creature. You bite the enormous slime creature.
The enormous slime creature is almost dead.
You block the slime creature's attack. The enormous slime creature hits you!!!
Ouch! That really hurt!
You die...

#)#.#####.#
#.....
#.#.......#
#.....
#.#########
......### #.#
.......# #.# #
.......# #.#
.####.....♣.#
#.#
###..........♣.#
#.#.
#JJ..........♣.
#.#. #@# # #.#.
#.# ∆ . #.#. #.#
# #.#.#######.#
#.#....)....#
#.##........##
#..'.........#
####.........#
#########.#


You could see an enormous slime creature and a slime creature.

Vanquished Creatures
  An orc warlord (Bailey)
  A minotaur (Gauntlet)
  An ettin (D:11)
  A fire dragon (Volcano)
  A death ooze (Gauntlet)
  3 hydras
  Harold (D:11)
  Fannar (D:12)
  An ogre mage (D:9)
  A centaur warrior (Orc:2)
  9 two-headed ogres
  Urug (Lair:2)
  Nergalle (Orc:1)
  An unseen horror (D:12)
  A wizard (D:9)
  7 orc knights
  3 orc sorcerers
  2 salamanders (Volcano)
  3 ugly things
  A cyclops (D:11)
  A guardian serpent (D:11)
  3 black mambas
  A freezing wraith (D:9)
  3 komodo dragons
  5 spiny frogs
  A rime drake (Lair:4)
  A kobold demonologist (D:9)
  An efreet (D:13)
  5 trolls
  Prince Ribbit (D:7)
  4 bog bodies (Lair:4)
  6 blink frogs
  A slime creature (D:13)
  A meliai zombie (D:12)
  A tyrant leech (Gauntlet)
  5 hippogriffs
  4 redbacks (Lair:4)
  A human (D:7)
  35 yaks
  5 basilisks
  7 wyverns (Volcano)
  4 hogs (D:7)
  7 fire bats (Volcano)
  3 hungry ghosts
  3 steam dragons (Volcano)
  7 swamp worms
  3 wargs
  An acid dragon (D:11)
  6 water moccasins
  A soldier ant (D:11)
  6 porcupines
  4 sky beasts
  51 orc warriors
  4 ice beasts
  2 black bears
  3 phantoms
  21 centaurs
  15 ogres
  2 necrophages (D:11)
  10 wolves
  14 crocodiles
  3 big kobolds
  A gnoll sergeant (D:5)
  Blork the orc (D:6)
  16 bullfrogs
  A water moccasin zombie (D:9)
  6 scorpions
  17 killer bees
  5 wights (D:13)
  An electric eel (Lair:4)
  4 howler monkeys
  5 bullfrog zombies
  2 crimson imps
  A centaur zombie (D:7)
  3 centaur skeletons
  11 hounds
  3 jellies
  18 orc priests
  Crazy Yiuf (D:3)
  3 bullfrog skeletons
  6 iguanas
  20 orc wizards
  6 worker ants
  2 worker ant zombies
  Robin (D:3)
  21 gnolls
  A howler monkey skeleton (D:8)
  14 adders
  A shadow imp (D:7)
  An ooze (D:3)
  An adder skeleton (D:6)
  3 worms
  2 dart slugs (D:2)
  5 leopard geckos
  152 orcs
  4 ball pythons
  7 giant cockroaches
  34 goblins
  27 hobgoblins
  10 jackals
  4 quokkas
  10 bats
  8 frilled lizards
  A giant cockroach zombie (D:6)
  25 kobolds
  A leopard gecko skeleton (D:4)
  4 rats
  3 plants
776 creatures vanquished.

Vanquished Creatures (others)
  A salamander (Volcano)
  An ogre (Volcano)
  2 orc wizards
  12 plants
16 creatures vanquished.

Grand Total: 792 creatures vanquished

Notes
Turn   | Place    | Note
-------+----------+-------------------------------------------
     0 | D:1      | Peloso the Gnoll Fighter began the quest for the Orb.
     0 | D:1      | Reached XP level 1. HP: 23/23 MP: 1/1
    53 | D:1      | Reached XP level 2. HP: 27/29 MP: 2/2
   237 | D:1      | Reached XP level 3. HP: 33/35 MP: 3/3
   265 | D:1      | You fall into a shaft and drop 1 floor!
   385 | D:2      | Found a bloodstained altar of Trog.
   394 | D:2      | Reached skill level 1 in Invocations
   624 | D:2      | Found an iron altar of Okawaru.
   641 | D:2      | Became a worshipper of Warmaster Okawaru
   644 | D:2      | Reached skill level 1 in Short Blades
   644 | D:2      | Reached skill level 1 in Axes
   644 | D:2      | Reached skill level 1 in Maces & Flails
   644 | D:2      | Reached skill level 1 in Polearms
   644 | D:2      | Reached skill level 1 in Staves
   644 | D:2      | Reached skill level 1 in Slings
   644 | D:2      | Reached skill level 1 in Bows
   644 | D:2      | Reached skill level 1 in Crossbows
   644 | D:2      | Reached skill level 1 in Throwing
   644 | D:2      | Reached skill level 1 in Dodging
   644 | D:2      | Reached skill level 1 in Stealth
   644 | D:2      | Reached skill level 1 in Unarmed Combat
   644 | D:2      | Reached skill level 1 in Spellcasting
   644 | D:2      | Reached skill level 1 in Evocations
   687 | D:2      | Reached XP level 4. HP: 37/41 MP: 5/5
  1477 | D:3      | Reached skill level 1 in Conjurations
  1477 | D:3      | Reached skill level 1 in Hexes
  1477 | D:3      | Reached skill level 1 in Charms
  1477 | D:3      | Reached skill level 1 in Summonings
  1477 | D:3      | Reached skill level 1 in Necromancy
  1477 | D:3      | Reached skill level 1 in Translocations
  1477 | D:3      | Reached skill level 1 in Transmutations
  1477 | D:3      | Reached skill level 1 in Fire Magic
  1477 | D:3      | Reached skill level 1 in Ice Magic
  1477 | D:3      | Reached skill level 1 in Air Magic
  1477 | D:3      | Reached skill level 1 in Earth Magic
  1477 | D:3      | Reached skill level 1 in Poison Magic
  1547 | D:3      | Reached XP level 5. HP: 46/47 MP: 6/6
  1555 | D:3      | Noticed Robin
  1578 | D:3      | Killed Robin
  1669 | D:3      | Found an ancient bone altar of Kikubaaqudgha.
  1844 | D:3      | Found a runed translucent door.
  1845 | D:3      | Noticed Crazy Yiuf
  2138 | D:3      | Killed Crazy Yiuf
  2207 | D:4      | Noticed an ogre
  2207 | D:4      | Noticed an ogre
  2431 | D:4      | Found Utwo's Mass Market.
  2448 | D:3      | Killed an ogre
  2448 | D:3      | Reached * piety under Okawaru
  2448 | D:3      | Reached XP level 6. HP: 29/53 MP: 8/8
  2712 | D:4      | Reached skill level 5 in Long Blades
  2924 | D:4      | Noticed a phantom
  2956 | D:4      | Killed a phantom
  2956 | D:4      | Reached XP level 7. HP: 59/59 MP: 10/10
  3177 | D:4      | Found a radiant altar of Vehumet.
  3314 | D:4      | Found a sacrificial altar of Ru.
  3575 | D:5      | Entered Level 5 of the Dungeon
  3695 | D:5      | Reached ** piety under Okawaru
  3743 | D:5      | Found a white marble altar of Elyvilon.
  3840 | D:5      | Found a staircase to the Ecumenical Temple.
  3877 | D:5      | Reached XP level 8. HP: 51/67 MP: 12/12
  4267 | D:5      | Found a basalt altar of Yredelemnul.
  4468 | D:6      | Noticed Blork the orc
  4481 | D:6      | Killed Blork the orc
  4652 | D:6      | Found a shadowy altar of Dithmenos.
  4769 | D:6      | Reached *** piety under Okawaru
  4879 | D:6      | Found Yru Wuag's General Store.
  5071 | D:7      | Reached XP level 9. HP: 62/72 MP: 14/14
  5097 | D:7      | Got a twisted scale mail
  5108 | D:7      | Identified the cursed +1 scale mail "Aluod" {rN+ Int+4}
                  | (You found it on level 7 of the Dungeon)
  5240 | D:7      | Reached **** piety under Okawaru
  5333 | D:7      | Noticed Prince Ribbit
  5413 | D:7      | Killed Prince Ribbit
  5413 | D:7      | Reached skill level 5 in Invocations
  5862 | D:7      | Reached XP level 10. HP: 73/80 MP: 17/17
  5914 | D:7      | Found a faded altar of an unknown god.
  5914 | D:7      | Found a blossoming altar of Fedhas.
  5919 | D:7      | Found a faded altar of an unknown god.
  5921 | D:7      | Found a stormy altar of Qazlal.
  5923 | D:7      | Found a hide-covered altar of Uskayaw.
  6153 | D:8      | Noticed a two-headed ogre
  6160 | D:8      | Killed a two-headed ogre
  6160 | D:8      | Reached ***** piety under Okawaru
  6160 | D:8      | Received a gift from Okawaru
  6160 | D:8      | Reached skill level 5 in Short Blades
  6160 | D:8      | Reached skill level 5 in Axes
  6160 | D:8      | Reached skill level 5 in Maces & Flails
  6160 | D:8      | Reached skill level 5 in Polearms
  6160 | D:8      | Reached skill level 5 in Staves
  6160 | D:8      | Reached skill level 5 in Slings
  6160 | D:8      | Reached skill level 5 in Bows
  6160 | D:8      | Reached skill level 5 in Crossbows
  6160 | D:8      | Reached skill level 5 in Throwing
  6160 | D:8      | Reached skill level 5 in Dodging
  6160 | D:8      | Reached skill level 5 in Stealth
  6160 | D:8      | Reached skill level 5 in Unarmed Combat
  6160 | D:8      | Reached skill level 5 in Spellcasting
  6160 | D:8      | Reached skill level 5 in Evocations
  6404 | D:8      | Noticed a two-headed ogre
  6432 | D:8      | Killed a two-headed ogre
  6432 | D:8      | Received a gift from Okawaru
  6432 | D:8      | Received a gift from Okawaru
  6733 | D:8      | Found the +7 sceptre of Torment {pain, torment}
  6747 | D:8      | Received a gift from Okawaru
  6792 | D:8      | Found Kicarr's Weapon Shoppe.
  6883 | D:8      | Found a shimmering blue altar of Sif Muna.
  7408 | D:8      | Found a staircase to the Lair.
  7637 | D:9      | Reached XP level 11. HP: 87/87 MP: 19/19
  7646 | D:9      | Noticed a two-headed ogre
  7656 | D:9      | Killed a two-headed ogre
  7656 | D:9      | Received a gift from Okawaru
  7721 | D:9      | Found a burning altar of Makhleb.
  7784 | D:9      | Noticed a wizard
  7792 | D:9      | Killed a wizard
  7798 | D:9      | Found a large runed translucent door.
  7799 | D:9      | Found a large runed translucent door.
  7819 | D:9      | Noticed a soul eater
  7823 | D:9      | Reached skill level 5 in Conjurations
  7823 | D:9      | Reached skill level 5 in Hexes
  7823 | D:9      | Reached skill level 5 in Charms
  7823 | D:9      | Reached skill level 5 in Summonings
  7823 | D:9      | Reached skill level 5 in Necromancy
  7823 | D:9      | Reached skill level 5 in Translocations
  7823 | D:9      | Reached skill level 5 in Transmutations
  7823 | D:9      | Reached skill level 5 in Fire Magic
  7823 | D:9      | Reached skill level 5 in Ice Magic
  7823 | D:9      | Reached skill level 5 in Air Magic
  7823 | D:9      | Reached skill level 5 in Earth Magic
  7823 | D:9      | Reached skill level 5 in Poison Magic
  8215 | D:9      | Found a bloodstained altar of Trog.
  8534 | D:9      | Found a radiant altar of Vehumet.
  8534 | D:9      | Noticed an ogre mage
  8547 | D:9      | Killed an ogre mage
  8580 | D:10     | Entered Level 10 of the Dungeon
  8882 | D:10     | Found a flagged portal.
  8891 | Bailey   | Entered a bailey
  9120 | Bailey   | Noticed an orc knight
  9120 | Bailey   | Noticed an orc knight
  9129 | Bailey   | Killed an orc knight
  9136 | Bailey   | Killed an orc knight
  9138 | Bailey   | Received a gift from Okawaru
  9444 | Bailey   | Noticed an orc warlord
  9467 | Bailey   | Killed an orc warlord
  9467 | Bailey   | Received a gift from Okawaru
  9482 | Bailey   | Received a gift from Okawaru
  9538 | Bailey   | Identified a scroll of acquirement
  9647 | D:10     | Reached XP level 12. HP: 37/96 MP: 19/22
 10270 | D:10     | Noticed a two-headed ogre
 10283 | D:10     | Killed a two-headed ogre
 10560 | D:11     | Noticed Harold
 10792 | D:11     | Killed Harold
 11012 | D:11     | Received a gift from Okawaru
 11040 | D:11     | Found a staircase to the Orcish Mines.
 11135 | D:11     | Found a roughly hewn altar of Beogh.
 11136 | D:11     | Noticed a two-headed ogre
 11156 | D:11     | Killed a two-headed ogre
 11156 | D:11     | Received a gift from Okawaru
 11194 | D:11     | Got shimmering gold dragon scales {god gift}
 11232 | D:11     | Identified the +1 gold dragon scales of Payc Maucw {rPois
                  | rF+ rC+ Int+6 Dex+2 Stlth+} (Okawaru gifted it to you on
                  | level 11 of the Dungeon)
 11755 | D:11     | Found a shadowy altar of Dithmenos.
 12290 | Lair:1   | Entered Level 1 of the Lair of Beasts
 12347 | Lair:1   | Reached skill level 10 in Fighting
 12347 | Lair:1   | Reached skill level 10 in Armour
 12347 | Lair:1   | Reached skill level 10 in Shields
 12430 | Lair:1   | Found a dark tunnel.
 12439 | Volcano  | Entered a volcano
 12441 | Volcano  | Noticed a two-headed ogre
 12458 | Volcano  | Killed a two-headed ogre
 12511 | Volcano  | Reached XP level 13. HP: 84/103 MP: 24/24
 13350 | Volcano  | Noticed a fire dragon
 13370 | Volcano  | Killed a fire dragon
 13377 | Volcano  | Received a gift from Okawaru
 13391 | Volcano  | Identified a +2 pair of boots of running (Okawaru gifted it
                  | to you in a volcano)
 13978 | Lair:1   | Got a pitted spear
 14873 | Lair:1   | Identified the +1 spear of Ulo Paef {drain, Dex+2} (You
                  | found it on level 1 of the Lair of Beasts)
 15626 | Lair:2   | Reached ****** piety under Okawaru
 15641 | Lair:2   | Noticed Urug
 15672 | Lair:2   | Killed Urug
 15843 | Lair:2   | Found a runed translucent gate.
 15844 | Lair:2   | Found a runed translucent gate.
 15844 | Lair:2   | Found a runed translucent gate.
 15846 | Lair:2   | Noticed releu's ghost (novice CeWr)
 16224 | Lair:3   | Received a gift from Okawaru
 18414 | Lair:4   | Reached XP level 14. HP: 105/111 MP: 24/26
 18467 | Lair:4   | Found a gate leading to a gauntlet.
 18491 | Gauntlet | Entered a Gauntlet
 18491 | Gauntlet | Found a transporter.
 18495 | Gauntlet | Found a transporter.
 18496 | Gauntlet | Found a transporter.
 18511 | Gauntlet | Found a transporter.
 18513 | Gauntlet | Found a transporter.
 18525 | Gauntlet | Found a transporter.
 18542 | Gauntlet | Found a transporter.
 18546 | Gauntlet | Found a transporter.
 18566 | Gauntlet | Found a transporter.
 18570 | Gauntlet | Found a transporter.
 18580 | Gauntlet | Found a transporter.
 18583 | Gauntlet | Found a transporter.
 18614 | Gauntlet | Found a transporter.
 18629 | Gauntlet | Found a transporter.
 18814 | Gauntlet | Got a bloodstained hat
 18820 | Gauntlet | Identified the +2 hat of Repulsion {Regen+ rCorr} (You
                  | found it in a Gauntlet)
 18983 | Gauntlet | Got a heavily runed helmet
 18994 | Gauntlet | Identified the +0 helmet "Keakiatt" {rElec MR+ Dex-4} (You
                  | found it in a Gauntlet)
 19181 | Gauntlet | Identified the Tome of Feathery Transformation
 19184 | Gauntlet | Identified the Catalogue of Translocation
 19361 | Lair:4   | You fall into a shaft and drop 2 floors!
 19361 | Lair:6   | Entered Level 6 of the Lair of Beasts
 19361 | Lair:6   | Found a staircase to the Slime Pits.
 19369 | Lair:6   | Reached skill level 10 in Long Blades
 19576 | Lair:4   | Found a hole to the Spider Nest.
 19776 | Lair:4   | Found a staircase to the Swamp.
 20162 | Lair:4   | Received a gift from Okawaru
 20591 | Orc:1    | Entered Level 1 of the Orcish Mines
 20596 | Orc:1    | Found a roughly hewn altar of Beogh.
 21104 | Orc:1    | Noticed Nergalle
 21136 | Orc:1    | Killed Nergalle
 21205 | Orc:1    | Received a gift from Okawaru
 21691 | Orc:2    | Entered Level 2 of the Orcish Mines
 21691 | Orc:2    | Found a staircase to the Elven Halls.
 21943 | Orc:2    | Paralysed by an orc sorcerer for 5 turns
 21948 | Orc:2    | Gained mutation: Your body sometimes deteriorates upon
                  | taking damage. [a neqoxec]
 21950 | Orc:2    | Reached skill level 10 in Invocations
 22745 | Orc:2    | Received a gift from Okawaru
 22831 | Orc:2    | Found Zisogg's Weapon Shop.
 22831 | Orc:2    | Found Jiav's Weapon Shoppe.
 22833 | Orc:2    | Found Wubahene's Assorted Antiques.
 22835 | Orc:2    | Found Ryfoakk's Magic Scroll Boutique.
 22847 | Orc:2    | Bought a scroll of summoning for 95 gold pieces
 22847 | Orc:2    | Bought a scroll of enchant armour for 75 gold pieces
 22847 | Orc:2    | Bought a scroll of vulnerability for 75 gold pieces
 22854 | Orc:2    | Bought the +8 autumn katana {slice, Clar} for 794 gold
                  | pieces
 22854 | Orc:2    | Found the +8 autumn katana {slice, Clar}
 22887 | Orc:2    | Received a gift from Okawaru
 23097 | D:12     | Found a white marble altar of Elyvilon.
 23224 | D:12     | Found Puykyfoezi's Assorted Antiques.
 23234 | D:12     | Bought a potion of might for 136 gold pieces
 23435 | D:12     | Noticed Fannar
 23465 | D:12     | Killed Fannar
 23774 | D:13     | Found a shimmering altar of Xom.
 23795 | D:13     | Reached XP level 15. HP: 102/119 MP: 28/28
 24205 | D:13     | Annihilated by an enormous slime creature

Levels and vault maps discovered:
D:1:      minmay_arrival_cross, layout_rooms
D:2:      layout_basic, nicolae_overflow_hidden_temple, okawaru_trees_1
D:3:      layout_loops_ring, overflow_temple_1_default, first_ration,
          uniq_crazy_yiuf_cottage, uniq_robin
D:4:      layout_rooms, lemuel_crystal_altar, minivault_5,
          kennysheep_cross_room, minmay_shop_mass, st_stairs_10,
          nicolae_ru_awakened_eye
D:5:      layout_loops_cross, kennysheep_mini,
          minmay_temple_entry_drinking_statues, basic_altar, minivault_23,
          minmay_misc_feat_encased
D:6:      layout_gridville, serial_shops, shop_statue, lemuel_altar_in_water,
          uniq_blork_the_orc
D:7:      corexii_shantytown, layout_basic, chequers_temple_overflow_minitemple,
          grunt_livestock, uniq_prince_ribbit1
D:8:      layout_rooms, lemuel_round_altar, david_lair_shrubbed, serial_shops,
          nicolae_shop_window_shopping, serial_park_tiny_2, grunt_ministairs_15
D:9:      layout_loops_cross, overflow_temple_1_default, jmf_multi_god_temple2
D:10:     layout_irregular_city, enter_bailey_2
D:11:     layout_roguey [special_room_orc], david_orc_2, basic_altar,
          nrook_guardian_serpent_double, uniq_harold
D:12:     layout_loops_ring, serial_shops, nicolae_shop_overgrown_old_shop,
          elyvilon_altar_5, uniq_fannar
D:13:     layout_basic, david_vaults_4, basic_altar
Lair:1:   layout_cave_shapes, lightli_volcano_entry_magma_tube,
          minmay_lair_oklob_chamber
Lair:2:   layout_small_grid, gammafunk_ghost_hydra_chop, uniq_urug
Lair:3:   layout_small_grid, grunt_megastairs_1
Lair:4:   layout_loops_ring, nicolae_swamp_entry_splash_gauntlet,
          spider_nest_entry_webs, gauntlet_entry_generic
Lair:5:   layout_regular_city, maelrawn_ghost_gauntlet_escape, basic_altar,
          lemuel_fruit_tree
Lair:6:   grunt_lair_end_beastmaster, layout_loops_ring, slime_dummy
Orc:1:    nicolae_orc_accident_3, layout_caves, basic_altar, mines2_lemuel,
          uniq_nergalle
Orc:2:    st_orc_rangers, layout_caves, rock_pile

Skill      XL: |  1  2  3  4  5  6  7  8  9 10 11 12 13 14 |
---------------+-------------------------------------------+-----
Invocations    | 1 2 3 4 5 6 7 8 9 10 | 10.4
Short Blades   | 1 2 3 4 5 6 7 8 9 |  9.5
Axes           | 1 2 3 4 5 6 7 8 9 |  9.5
Maces & Flails | 1 2 3 4 5 6 7 8 9 |  9.5
Polearms       | 1 2 3 4 5 6 7 8 9 |  9.5
Staves         | 1 2 3 4 5 6 7 8 9 |  9.5
Slings         | 1 2 3 4 5 6 7 8 9 |  9.5
Bows           | 1 2 3 4 5 6 7 8 9 |  9.5
Crossbows      | 1 2 3 4 5 6 7 8 9 |  9.5
Throwing       | 1 2 3 4 5 6 7 8 9 |  9.5
Dodging        | 1 2 3 4 5 6 7 8 9 |  9.5
Stealth        | 1 2 3 4 5 6 7 8 9 |  9.5
Unarmed Combat | 1 2 3 4 5 6 7 8 9 |  9.5
Spellcasting   | 1 2 3 4 5 6 7 8 9 |  9.5
Evocations     | 1 2 3 4 5 6 7 8 9 |  9.5
Conjurations   | 1 2 3 4 5 6 7 8 |  8.0
Hexes          | 1 2 3 4 5 6 7 8 |  8.0
Charms         | 1 2 3 4 5 6 7 8 |  8.0
Summonings     | 1 2 3 4 5 6 7 8 |  8.0
Necromancy     | 1 2 3 4 5 6 7 8 |  8.0
Translocations | 1 2 3 4 5 6 7 8 |  8.0
Transmutations | 1 2 3 4 5 6 7 8 |  8.0
Fire Magic     | 1 2 3 4 5 6 7 8 |  8.0
Ice Magic      | 1 2 3 4 5 6 7 8 |  8.0
Air Magic      | 1 2 3 4 5 6 7 8 |  8.0
Earth Magic    | 1 2 3 4 5 6 7 8 |  8.0
Poison Magic   | 1 2 3 4 5 6 7 8 |  8.0
Long Blades    | 5 6 7 8 9 10 | 10.5
Fighting       | 7 8 9 10 11 | 11.4
Armour         | 7 8 9 10 11 | 11.4
Shields        | 7 8 9 10 11 | 11.4

Action                   |  1- 3 |  4- 6 |  7- 9 | 10-12 | 13-15 || total
-------------------------+-------+-------+-------+-------+-------++-------
Melee: Long sword        |    77 |   177 |   423 |   992 |  1298 ||  2967
       Bite              |    10 |    22 |    55 |   181 |   352 ||   620
       Hand axe          |       |       |       |       |    20 ||    20
       Katana            |       |       |       |       |   221 ||   221
Invok: Heroism           |       |       |     1 |    26 |    31 ||    58
       Finesse           |       |       |       |     1 |     1 ||     2
Evoke: Wand              |       |       |     2 |       |     6 ||     8
  Use: Potion            |       |     3 |       |     3 |     2 ||     8
       Scroll            |       |       |     8 |    11 |     9 ||    28
  Eat: Chunk             |       |     7 |    10 |    17 |    31 ||    65
       Ration            |       |       |       |     3 |     2 ||     5
Armor: Scale mail        |    44 |    69 |     1 |       |       ||   114
       Chain mail        |       |     2 |       |    32 |       ||    34
       Plate armour      |       |       |   248 |   207 |       ||   455
       Gold dragon scale |       |       |       |    70 |   705 ||   775
Dodge: Dodged            |    34 |    61 |   113 |   279 |   525 ||  1012
Block: Shield            |    61 |   103 |   267 |   655 |  1271 ||  2357
       Rpst.: Long sword |    10 |    29 |    40 |    94 |   135 ||   308
       Katana            |       |       |       |       |    13 ||    13
